 Dungeon Crawl Stone Soup version 0.30-a0-778-g2ef04afb54 (webtiles) character file.

Game seed: 10030288785930401599

781 bande the Shield-Bearer (level 7, 0/44 HPs)
             Began as a Gargoyle Fighter on Feb 17, 2023.
             Slain by an orc warrior
             ... wielding a +0 battleaxe
              (7 damage)
             ... on level 6 of the Dungeon.
             The game lasted 00:07:30 (3744 turns).

bande the Shield-Bearer (Gargoyle Fighter)          Turns: 3744, Time: 00:07:30

Health: 0/44       AC: 13    Str: 20    XL:     7   Next: 85%
Magic:  7/7        EV:  9    Int:  8    God:
Gold:   1605       SH:  5    Dex: 11    Spells: 6/6 levels left

rFire   . . .      SeeInvis .    a - +1 war axe (flame)
rCold   . . .      Faith    .    c - +0 buckler
rNeg    + . .      Spirit   .    b - +0 scale mail
rPois   ∞          Reflect  .    r - +1 hat
rElec   +          Harm     .    (no cloak)
rCorr   .          Rampage  .    (no gloves)
Will    +....                    (no boots) Stlth
                                 (no amulet)
HPRegen 0.27/turn                i - ring of willpower
MPRegen 0.10/turn                (no ring)

@: no status effects
A: sickness immunity, AC +4, negative energy resistance 1, electricity
resistance, torment resistance 1, petrification resistance
a: no special abilities


You were on level 6 of the Dungeon.
You visited 1 branch of the dungeon, and saw 6 of its levels.

You collected 1605 gold pieces.

Inventory:

Hand Weapons
 a - a +1 war axe of flaming (weapon)
 q - the +0 sling "Nitti" {speed, rN+}
   (You found it on level 2 of the Dungeon)

   rN:        It protects you from negative energy.
Armour
 b - a +0 scale mail (worn)
 c - a +0 buckler (worn)
 r - a +1 hat (worn)
Jewellery
 g - a ring of protection from fire
 i - a ring of willpower (left hand)
 u - a +6 ring of dexterity
Scrolls
 j - a scroll of teleportation
 m - 4 scrolls of identify
 o - a scroll of magic mapping
Potions
 d - 4 potions of might
 f - a potion of haste {unknown}
 h - 5 potions of curing
 l - a potion of degeneration {unknown}
 n - 2 potions of flight {unknown}
 p - a potion of brilliance {unknown}
 s - 3 potions of lignification {unknown}
 t - a potion of heal wounds {unknown}
 v - a potion of cancellation {unknown}


   Skills:
 + Level 4.7 Fighting
 + Level 5.0 Axes
 * Level 5.5 Armour
 - Level 0.2 Stealth
 * Level 5.5 Shields


You had 6 spell levels left.
You didn't know any spells.
Your spell library contained the following spells:

 Spells                   Type           Power      Damage    Failure   Level
 Ozocubu's Armour         Ice            0%         N/A       99%         3
 Iskenderun's Battlesphe  Conj           0%         2d6       100%        5
 Metabolic Englaciation   Hex/Ice        0%         N/A       100%        5
 Iron Shot                Conj/Erth      0%         9d1       100%        6
 Simulacrum               Ice/Necr       0%         N/A       100%        6
 Spellforged Servitor     Conj/Summ      0%         N/A       100%        7


Dungeon Overview and Level Annotations

Branches:
Dungeon (6/15)
 Temple: D:4-7

Altars:
Gozag
Hepliaklqana
Yredelemnul


Innate Abilities, Weirdness & Mutations

You are immune to sickness and miasma.
Your stone body is resilient. (AC +4)
You are immune to poison.
You resist negative energy. (rN+)
You are resistant to electric shocks. (rElec)
You are resistant to unholy torment.
You are immune to petrification.


Message History

You are too injured to fight recklessly!
You are too injured to fight recklessly!
You are too injured to fight recklessly!
You are too injured to fight recklessly!
You closely miss the orc warrior.
The orc warrior hits you but does no damage.
You hit the orc warrior but do no damage.
You closely miss the orc. You barely miss the orc warrior.
The orc warrior hits you but does no damage.
The orc hits you but does no damage.
You slash the orc! You burn the orc.
You kill the orc!
You closely miss the orc warrior. The orc warrior closely misses you.
The orc warrior hits you but does no damage.
You hit the orc. You burn the orc.
The orc is moderately wounded.
You barely miss the orc warrior. The orc hits you but does no damage.
The orc warrior hits you with a +0 battleaxe.
* * * LOW HITPOINT WARNING * * *
You closely miss the orc.
The orc is moderately wounded.
You closely miss the orc warrior. The orc hits you but does no damage.
The orc warrior barely misses you.
You closely miss the orc.
The orc is moderately wounded.
You barely miss the orc warrior. The orc hits you but does no damage.
The orc warrior hits you with a +0 battleaxe!
* * * LOW HITPOINT WARNING * * *
The orc hits you but does no damage.
You closely miss the orc.
The orc is moderately wounded.
You barely miss the orc warrior. The orc warrior closely misses you.
The orc barely misses you.
You hit the orc. You burn the orc.
The orc is severely wounded.
You closely miss the orc warrior.
The orc warrior hits you but does no damage.
The orc hits you but does no damage.
The orc warrior hits you with a +0 battleaxe!
You die...

.. .. .> #.# #. #..##.
#..#. #.#o## # #..o@# ..
##.#.## ... #....## ....
##....#.....
####..........
#...............#
#......$.........
###########...............
##.....##................#


You could see an orc warrior and an orc.

Vanquished Creatures
  A black bear (D:5)
  A kobold brigand (D:5)
  A scorpion (D:3)
  A vampire bat (D:3)
  2 hounds
  4 iguanas (D:5)
  5 orc wizards
  3 adders
  A white imp (D:6)
  An ufetubus (D:4)
  2 worms
  The ghost of Esekla the Sneak, a weakling OpDe (D:5)
  4 dart slugs
  3 fire bats (D:3)
  11 orcs
  2 spectral bats (D:3)
  4 ball pythons
  3 bat skeletons (D:3)
  A bat zombie (D:3)
  8 endoplasms
  3 giant cockroaches
  4 goblins
  5 hobgoblins
  11 jackals
  17 bats
  A bat simulacrum (D:3)
  4 frilled lizards
  3 kobolds
  6 rats
113 creatures vanquished.

Notes
Turn   | Place    | Note
-------+----------+-------------------------------------------
     0 | D:1      | bande the Gargoyle Fighter began the quest for the Orb.
     0 | D:1      | Reached XP level 1. HP: 14/14 MP: 1/1
   123 | D:1      | Reached XP level 2. HP: 19/19 MP: 2/2
   402 | D:1      | Reached XP level 3. HP: 24/24 MP: 3/3
   986 | D:2      | Identified the +0 sling "Nitti" {speed, rN+}
  1287 | D:3      | Reached XP level 4. HP: 29/29 MP: 4/4
  1355 | D:3      | Found an opulent altar of Gozag.
  1355 | D:3      | Found a basalt altar of Yredelemnul.
  1519 | D:3      | Noticed a scorpion
  1531 | D:3      | Killed a scorpion
  1532 | D:3      | Reached XP level 5. HP: 20/33 MP: 5/5
  1619 | D:3      | Found a hazy altar of Hepliaklqana.
  1876 | D:3      | Reached XP level 6. HP: 37/38 MP: 6/6
  2121 | D:4      | Identified a scroll of acquirement
  2121 | D:4      | Acquired 1214 gold pieces
  2408 | D:4      | Reached skill level 5 in Shields
  2573 | D:5      | Entered Level 5 of the Dungeon
  2666 | D:5      | Found a transporter.
  2668 | D:5      | Noticed Esekla's ghost (weakling OpDe)
  2670 | D:5      | Found a transporter.
  2768 | D:5      | Reached XP level 7. HP: 44/44 MP: 7/7
  2881 | D:5      | Reached skill level 5 in Armour
  3545 | D:5      | Killed Esekla's ghost
  3556 | D:5      | Reached skill level 5 in Axes
  3744 | D:6      | Slain by an orc warrior

Illustrated notes

Levels and vault maps discovered:
D:1:      lightli_arrival_windingriver, layout_loops_ring, st_stairs_11,
          chequers_serial_rivers_micro_b
D:2:      layout_rooms, minmay_hexomino_f4
D:3:      layout_rooms, chequers_temple_overflow_statue_of_worship,
          mainiacjoe_overflow_catwalk, goddamned_bats
D:4:      layout_rooms, nicolae_figureground_sparkle
D:5:      layout_basic, gammafunk_ghost_arena
D:6:      layout_rooms

Skill      XL: |  1  2  3  4  5  6  7 |
---------------+----------------------+-----
Axes           | 2 3 4 5 |  5.0
Armour         | 4 5 |  5.5
Shields        | 4 5 |  5.5
Fighting       | 4 |  4.7
Stealth        | |  0.2

Action                     |  1- 3 |  4- 6 |  7- 9 || total
---------------------------+-------+-------+-------++-------
  Melee: War axe           |   114 |   177 |    60 ||   351
    Use: Scroll            |       |     8 |     4 ||    12
 Armour: Scale mail        |    65 |   182 |    53 ||   300
  Dodge: Dodged            |    65 |   156 |    35 ||   256
  Block: Buckler           |    27 |    85 |    17 ||   129

Table legend: (Time is in decaauts)
 A = Elapsed time spent in this place.
 B = Non-inter-level travel time spent in this place.
 C = Inter-level travel time spent in this place.
 D = Time resting spent in this place.
 E = Time spent auto-exploring this place.
 F = Levels seen in this place.
 G = Mean time per level.
                   A        B        C        D        E       F      G
               +--------+--------+--------+--------+--------+-----+--------+
         Total |   3876 |   3753 |    123 |      0 |   2807 |   6 |  646.0 |
       Dungeon |   3876 |   3753 |    123 |      0 |   2807 |   6 |  646.0 |
               +--------+--------+--------+--------+--------+-----+--------+

Top non-repeatable levels by time:
     D:5: 1118 daAuts
     D:3: 986 daAuts
     D:1: 747 daAuts
     D:4: 481 daAuts
     D:2: 466 daAuts
     D:6: 78 daAuts
